 Dungeon Sprint DCSS version 0.30.1-9-gdf580d7c3d (webtiles) character file.

Game seed: 8230690773105880421

5233 Heoruswealwe the Impaler (level 10, -2/105 HPs)
             Began as a Minotaur Fighter on Oct 4, 2023.
             Was an Initiate of Gozag.
             Slain by a komodo dragon (17 damage)
             ... in the Dungeon (Sprint IX: "|||||||||||||||||||||||||||||").
             The game lasted 00:04:45 (657 turns).

Heoruswealwe the Impaler (Minotaur Fighter)          Turns: 657, Time: 00:04:46

Health: -2/105     AC: 27    Str: 24    XL:     10   Next: 35%
Magic:  9/9        EV:  9    Int:  5    God:    Gozag
Gold:   1579       SH:  0    Dex: 11    Spells: 9/9 levels left

rFire   . . .        b - +2 halberd (protect)
rCold   . . .        (shield currently unavailable)
rNeg    . . .        c - +1 chain mail
rPois   .            (helmet restricted)
rElec   .            (no cloak)
rCorr   .            (no gloves)
SInv    .            e - +0 pair of boots
Will    .....        (no amulet) Stlth
                     k - +2 ring of protection
HPRegen 0.37/turn    j - +2 ring of protection
MPRegen 0.11/turn

%: no teleportation
@: gold aura, under a protective aura
A: horns 2, retaliatory headbutt
a: Renounce Religion, Potion Petition, Call Merchant, Bribe Branch


You were in the Dungeon.
You worshipped Gozag.
Gozag was most pleased with you.
You visited 1 branch You collected 1579 gold pieces.

Inventory:

Hand Weapons
 a - a +0 trident
 b - a +2 halberd of protection (weapon)
Armour
 c - a +1 chain mail (worn)
 d - a +0 buckler
 e - a +0 pair of boots (worn)
Jewellery
 j - a +2 ring of protection (right hand)
 k - a +2 ring of protection (left hand)
Wands
 h - a wand of iceblast (10)
Scrolls
 n - 2 scrolls of blinking
 q - 3 scrolls of identify
 r - 2 scrolls of enchant armour
 s - 2 scrolls of enchant weapon
Potions
 f - 5 potions of heal wounds
 g - a potion of haste
 i - 2 potions of berserk rage
 l - 7 potions of curing
 m - 2 potions of might
 o - a potion of mutation
Miscellaneous
 p - a phial of floods


   Skills:
 + Level 15.1 Fighting
 * Level 20.4 Polearms
 + Level 15.2 Armour
 - Level 3.6 Shields


You had 9 spell levels left.
You didn't know any spells.
Your spell library was empty.

Dungeon Overview and Level Annotations

Branches:
Dungeon (1/1)

Altars:
Cheibriados
Dithmenos
Elyvilon
Fedhas
Gozag
Hepliaklqana
Kikubaaqudgha
Makhleb
Nemelex Xobeh
Okawaru
Qazlal
Ru
Sif Muna
Trog
Uskayaw
Vehumet
Wu Jian
Xom
Yredelemnul
Zin
The Shining One
Jiyva
Lugonu


Innate Abilities, Weirdness & Mutations

You have a pair of horns on your head.
You reflexively headbutt those who attack you in melee.


Message History

The yak is distracted by your dazzling golden aura.
The blink frog closely misses you.
The yak bellows!
You slash the yak!
The yak is no longer distracted by gold.
You headbutt the yak.
The yak is almost dead.
The blink frog barely misses you. The yak gores you but does no damage.
You puncture the yak!
You kill the yak!
The blink frog hits you but does no damage.
You slice the rime drake!!
The rime drake is severely wounded.
The blink frog hits you but does no damage.
The rime drake bites you but does no damage.
You puncture the rime drake!
You kill the rime drake!
The blink frog hits you but does no damage.
You barely miss the komodo dragon. The komodo dragon closely misses you.
The blink frog hits you but does no damage.
You barely miss the komodo dragon. The blink frog barely misses you.
You closely miss the komodo dragon.
The komodo dragon bites you but does no damage.
The blink frog hits you but does no damage.
You hit the komodo dragon.
The komodo dragon is lightly wounded.
The komodo dragon bites you but does no damage.
The blink frog is distracted by your dazzling golden aura.
The blink frog gives a loud, deep croak!
You slash the komodo dragon!
The komodo dragon is moderately wounded.
The komodo dragon bites you.
* * * LOW HITPOINT WARNING * * *
You hit the komodo dragon. You headbutt the komodo dragon.
The komodo dragon is moderately wounded.
You hit the komodo dragon but do no damage.
The komodo dragon is moderately wounded.
The komodo dragon bites you!
You die...
Your body crumbles into a pile of gold.

$
▓.▓.▓_▓
$
▓.▓.▓_▓
$
▓.▓.▓_▓
$
▓.▓.▓_▓
▓.▓.▓_▓
$
▓.▓.▓_▓
$
▓.▓.▓_▓
$
▓F▓.▓_▓
$
▓@▓.▓_▓
$
▓l▓.▓_▓
$
▓D▓.▓_▓
$
▓D▓.▓_▓
$
▓S▓.▓_▓
$
▓F▓.▓_▓
$
▓.▓.▓_▓
$
▓.▓.▓_▓
$ ▓.▓_▓


You could see an eight-headed hydra, a seven-headed hydra, a komodo dragon, a
black mamba, a cane toad and a blink frog.

Vanquished Creatures
  A two-headed ogre (D)
  2 ugly things (D)
  A black mamba (D)
  3 cane toads (D)
  A komodo dragon (D)
  A rime drake (D)
  A tengu conjurer (D)
  A polar bear (D)
  A blink frog (D)
  A shadow (D)
  A vampire (D)
  A wraith (D)
  2 yaks (D)
  A vampire mosquito (D)
  A water moccasin (D)
  An orc warrior (D)
  A phantom (D)
  2 bullfrogs (D)
  A gnoll sergeant (D)
  A scorpion (D)
  A killer bee (D)
  A hound (D)
  A sleepcap (D)
  An adder (D)
  A bat (D)
  2 hobgoblins (D)
  A jackal (D)
  A frilled lizard (D)
34 creatures vanquished.

Notes
Turn   | Place    | Note
-------+----------+-------------------------------------------
     0 | D        | Heoruswealwe the Minotaur Fighter began the quest for the
                  | Orb.
     0 | D        | Reached XP level 1. HP: 19/19 MP: 0/0
     8 | D        | Reached skill level 3 in Polearms
    28 | D        | Noticed a hound
    28 | D        | Noticed a phantom
    28 | D        | Noticed a sleepcap
    28 | D        | Noticed a scorpion
    32 | D        | Reached skill level 4 in Polearms
    32 | D        | Reached XP level 2. HP: 28/28 MP: 1/1
    34 | D        | Reached skill level 5 in Fighting
    34 | D        | Reached skill level 6 in Polearms
    34 | D        | Reached skill level 5 in Armour
    34 | D        | Reached XP level 3. HP: 31/36 MP: 2/2
    47 | D        | Killed a phantom
    48 | D        | Reached skill level 8 in Polearms
    48 | D        | Reached XP level 4. HP: 34/45 MP: 3/3
    55 | D        | Reached skill level 9 in Polearms
    55 | D        | Reached XP level 5. HP: 18/52 MP: 4/4
    63 | D        | Reached skill level 10 in Polearms
    69 | D        | Found a snail-covered altar of Cheibriados.
    69 | D        | Found a shadowy altar of Dithmenos.
    69 | D        | Found a white marble altar of Elyvilon.
    69 | D        | Found a blossoming altar of Fedhas.
    69 | D        | Found an opulent altar of Gozag.
    70 | D        | Found a hazy altar of Hepliaklqana.
    71 | D        | Found a viscous altar of Jiyva.
    72 | D        | Found an ancient bone altar of Kikubaaqudgha.
    73 | D        | Found a corrupted altar of Lugonu.
    74 | D        | Found a burning altar of Makhleb.
    75 | D        | Found a sparkling altar of Nemelex Xobeh.
    76 | D        | Found an iron altar of Okawaru.
    77 | D        | Became a worshipper of Gozag Ym Sagoz the Greedy
    78 | D        | Found a stormy altar of Qazlal.
    79 | D        | Found a sacrificial altar of Ru.
    80 | D        | Found a shimmering blue altar of Sif Muna.
    81 | D        | Found a bloodstained altar of Trog.
    82 | D        | Found a hide-covered altar of Uskayaw.
    83 | D        | Found a radiant altar of Vehumet.
    84 | D        | Found an ornate altar of the Wu Jian Council.
    85 | D        | Found a shimmering altar of Xom.
    86 | D        | Found a basalt altar of Yredelemnul.
    87 | D        | Found a glowing silver altar of Zin.
    88 | D        | Found a glowing golden altar of the Shining One.
   183 | D        | Noticed a shadow
   183 | D        | Noticed a komodo dragon
   183 | D        | Noticed a wraith
   183 | D        | Noticed an orc warrior
   189 | D        | Killed a shadow
   190 | D        | Reached skill level 11 in Polearms
   190 | D        | Reached XP level 6. HP: 50/63 MP: 5/5
   196 | D        | Reached skill level 12 in Polearms
   198 | D        | Killed a komodo dragon
   199 | D        | Reached skill level 10 in Fighting
   199 | D        | Reached skill level 13 in Polearms
   199 | D        | Reached skill level 10 in Armour
   199 | D        | Reached XP level 7. HP: 45/73 MP: 6/6
   201 | D        | Killed a wraith
   202 | D        | Reached skill level 14 in Polearms
   382 | D        | Noticed a white ugly thing
   382 | D        | Noticed a purple ugly thing
   382 | D        | Noticed a vampire mosquito
   382 | D        | Noticed a two-headed ogre
   382 | D        | Noticed a vampire
   382 | D        | Noticed a tengu conjurer
   391 | D        | Killed a purple ugly thing
   392 | D        | Reached skill level 15 in Polearms
   392 | D        | Reached XP level 8. HP: 78/83 MP: 7/7
   407 | D        | Killed a purple ugly thing
   408 | D        | Reached skill level 16 in Polearms
   419 | D        | Killed a two-headed ogre
   420 | D        | Reached skill level 17 in Polearms
   420 | D        | Reached XP level 9. HP: 25/93 MP: 8/8
   431 | D        | Killed a tengu conjurer
   432 | D        | Reached skill level 18 in Polearms
   580 | D        | Noticed a cane toad
   580 | D        | Noticed a cane toad
   583 | D        | Noticed a black mamba
   585 | D        | Killed a cane toad
   592 | D        | Killed a cane toad
   596 | D        | Noticed a polar bear
   598 | D        | Reached skill level 19 in Polearms
   602 | D        | Killed a black mamba
   603 | D        | Reached XP level 10. HP: 34/104 MP: 9/9
   624 | D        | HP: 5/104 [poisoned by a water moccasin]
   640 | D        | Noticed a cane toad
   640 | D        | Noticed a black mamba
   643 | D        | Killed a cane toad
   643 | D        | Noticed an eight-headed hydra
   644 | D        | Reached skill level 15 in Fighting
   644 | D        | Reached skill level 20 in Polearms
   644 | D        | Reached skill level 15 in Armour
   644 | D        | Noticed a cane toad
   645 | D        | Noticed a seven-headed hydra
   657 | D        | Slain by a komodo dragon

Illustrated notes

Levels and vault maps discovered:
D:        linesprint [early_d, line_temple, items_1, d_10, items_2, lair_1,
          lair_end, items_3, orc_1, orc_end, items_4, d_15, swamp_1, shoals_1,
          snake_1, spider_1, d_20, vaults_1, items_5, swamp_end, shoals_end,
          snake_end, spider_end, vaults_end, d_27, items_6, zot_1, zot_end,
          crypt_end, forest_end, elf_end, slime_end, tomb_end, abyss_end,
          pan_hell_end]

Skill      XL: |  1  2  3  4  5  6  7  8  9 10 |
---------------+-------------------------------+-----
Polearms       | 4 6 8 9 11 13 15 17 19 20 | 20.4
Fighting       | 4 5 6 7 9 10 11 13 14 15 | 15.1
Armour         | 4 5 6 7 9 10 11 13 14 15 | 15.2
Shields        | |  3.6

Action                     |  1- 3 |  4- 6 |  7- 9 | 10-12 || total
---------------------------+-------+-------+-------+-------++-------
  Melee: Trident           |    35 |    14 |       |       ||    49
         Headbutt          |       |     8 |    12 |     6 ||    26
         Halberd           |       |    12 |    90 |    35 ||   137
   Stab: Distracted        |       |       |     1 |     3 ||     4
 Armour: Scale mail        |    11 |     2 |       |       ||    13
         Chain mail        |       |    10 |    51 |    21 ||    82
  Dodge: Dodged            |    20 |     6 |    21 |     9 ||    56
  Block: Buckler           |     3 |     3 |       |       ||     6
